 Dungeon Crawl Stone Soup version 0.25.1-3-ge44b62a0b3 (webtiles) character file.

Game seed: 3365353270691524447

217 DogServant the Skirmisher (level 6, -6/51 HPs)
             Began as a Formicid Fighter on Nov 23, 2020.
             Was an Initiate of Cheibriados.
             Killed from afar by an orc wizard (9 damage)
             ... with a magic dart
             ... on level 3 of the Dungeon.
             The game lasted 00:02:34 (2138 turns).

DogServant the Skirmisher (Formicid Fighter)        Turns: 2138, Time: 00:02:34

Health: -6/51      AC:  6    Str: 23    XL:     6   Next: 16%
Magic:  6/6        EV:  8    Int:  9    God:    Cheibriados [......]
Gold:   163        SH:  9    Dex: 11    Spells: 5/5 levels left

rFire    . . .     SeeInvis +   a - +0 long sword
rCold    . . .     Gourm    .   c - +0 kite shield
rNeg     . . .     Faith    .   b - +0 scale mail
rPois    .         Spirit   .   (helmet unavailable)
rElec    .         Reflect  .   (no cloak)
rCorr    .         Harm     .   (no gloves)
MR       .....                  (no boots)
Stlth    ..........             (no amulet)
HPRegen  0.17/turn              (no ring)
MPRegen  0.10/turn              (no ring)

@: mighty, very slow
A: permanent stasis, dig shafts and tunnels, four strong arms, antennae 3
a: Dig, Shaft Self, Bend Time, Renounce Religion


You were on level 3 of the Dungeon.
You worshipped Cheibriados.
Cheibriados was noncommittal.
You were not hungry.

You visited 1 branch of the dungeon, and saw 3 of its levels.

You collected 163 gold pieces.

Inventory:

Hand Weapons
 a - a +0 long sword (weapon)
Missiles
 l - 9 poisoned darts (quivered)
Armour
 b - a +0 scale mail (worn)
 c - a +0 kite shield (worn)
Jewellery
 e - an uncursed ring of magical power {unknown}
 h - an uncursed ring of wizardry {unknown}
 s - a cursed -4 ring of intelligence {unknown}
Scrolls
 g - 4 scrolls of remove curse {unknown}
 i - a scroll of amnesia {unknown}
 m - 2 scrolls of teleportation {unknown}
 n - a scroll of enchant weapon {unknown}
 p - a scroll of identify {unknown}
 r - a scroll of enchant armour {unknown}
Potions
 j - a potion of stabbing {unknown}
 k - 2 potions of curing {unknown}
 o - a potion of brilliance {unknown}
Comestibles
 f - 5 rations


   Skills:
 + Level 5.4 Fighting
 + Level 4.3 Long Blades
 - Level 3.2 Armour
 - Level 4.0 Shields


You had 5 spell levels left.
You didn't know any spells.
Your spell library was empty.

Dungeon Overview and Level Annotations

Branches:
Dungeon (3/15)

Altars:
Cheibriados


Innate Abilities, Weirdness & Mutations

You cannot be hasted, slowed, berserked, paralysed or teleported.
You can dig through walls and to a lower floor.
Your four strong arms can wield two-handed weapons with a shield.
You have a pair of large antennae on your head. (SInv)


Message History

The orc wizard is heavily wounded.
The orc priest mumbles some strange prayers to Beogh against you.
Beogh smites you! The orc wizard barely misses you.
You block the orc wizard's attack.
You feel very mighty all of a sudden. The orc wizard misses you.
The orc priest mumbles some strange prayers to Beogh against you.
Beogh smites you!
* * * LOW HITPOINT WARNING * * *
The orc wizard hits you but does no damage.
You block the orc priest's attack.
You closely miss the orc priest. You block the orc priest's attack.
You slash the orc priest!
You kill the orc priest!
Cheibriados appreciates the change of pace.
You block the orc wizard's attack. The orc hits you but does no damage.
You block the orc wizard's attack.
The orc wizard gestures at you while chanting.
The magic dart hits you!
You die...

..........# ###<###
..........# ############
....#....######..........#
#.#.#.............$......#
..#.#....................# #
#.#....................#
#.#....................#
#............).........#
###.........oo@........#
#..........oo........#
#....................####
#####........................
...............######..#.###
#####..........# #..#.#
#####.###### ###..# # #.#
#..?.# #.####### #.#.##


You could see an orc priest, 2 orc wizards and an orc.

Vanquished Creatures
  A phantom (D:3)
  An orc priest (D:3)
  Terence (D:2)
  An adder (D:2)
  An ooze (D:1)
  2 dart slugs (D:1)
  2 worms
  A leopard gecko (D:1)
  7 bats
  2 giant cockroaches
  8 goblins
  6 hobgoblins
  4 jackals (D:1)
  3 ball pythons
  A frilled lizard (D:1)
  10 kobolds
  3 rats (D:2)
54 creatures vanquished.

Notes
Turn   | Place    | Note
-------+----------+-------------------------------------------
     0 | D:1      | DogServant the Formicid Fighter began the quest for the
                  | Orb.
     0 | D:1      | Reached XP level 1. HP: 18/18 MP: 1/1
   105 | D:1      | Reached XP level 2. HP: 19/24 MP: 2/2
   273 | D:1      | Reached XP level 3. HP: 10/30 MP: 3/3
   617 | D:1      | Reached skill level 4 in Fighting
  1088 | D:2      | Reached XP level 4. HP: 36/37 MP: 4/4
  1348 | D:2      | Noticed Terence
  1355 | D:2      | Killed Terence
  1618 | D:2      | Reached XP level 5. HP: 43/43 MP: 5/5
  1639 | D:2      | Found a snail-covered altar of Cheibriados.
  1869 | D:2      | Became a worshipper of Cheibriados the Contemplative
  1966 | D:3      | Noticed a phantom
  1993 | D:3      | Killed a phantom
  1993 | D:3      | Reached skill level 5 in Fighting
  1993 | D:3      | Reached XP level 6. HP: 14/51 MP: 6/6
  2136 | D:3      | HP: 2/51 [orc priest/divine providence (16)]
  2138 | D:3      | Killed from afar by an orc wizard

Illustrated notes

Levels and vault maps discovered:
D:1:      eino_arrival_cavern_b, layout_loops_cross, minmay_tetromino_o4
D:2:      layout_rooms, lemuel_crystal_altar, kennysheep_pointless_box,
          uniq_terence
D:3:      layout_basic, minmay_rat_hole

Skill      XL: |  1  2  3  4  5 |
---------------+----------------+-----
Shields        | 4 |  4.0
Fighting       | 4 5 |  5.4
Long Blades    | 3 4 |  4.3
Armour         | |  3.2

Action                   |  1- 3 |  4- 6 || total
-------------------------+-------+-------++-------
Melee: Long sword        |    96 |    83 ||   179
Throw: Dart              |     1 |     2 ||     3
 Abil: Dig               |     1 |       ||     1
  Use: Potion            |       |     2 ||     2
  Eat: Chunk             |     1 |     3 ||     4
Armor: Scale mail        |    65 |    26 ||    91
Dodge: Dodged            |    44 |    27 ||    71
Block: Kite shield       |    68 |    41 ||   109
       Rpst.: Long sword |    17 |     5 ||    22
